 Dungeon Crawl Stone Soup version 0.19-a0 (webtiles) character file.

261 MovingMist the Cudgeler (level 6, 0/39 HPs)
             Began as a Gargoyle Fighter on Apr 27, 2016.
             Was an Initiate of the Shining One (penitent).
             Slain by a giant gecko skeleton (1 damage)
             ... on level 4 of the Dungeon.
             The game lasted 00:10:43 (3067 turns).

MovingMist the Cudgeler (Gargoyle Fighter)          Turns: 3067, Time: 00:10:44

Health: 0/39       AC: 15    Str: 20    XL:     6   Next: 18%
Magic:  6/6        EV:  5    Int:  8    God:    the Shining One [*]
Gold:   138        SH:  9    Dex: 11    Spells: 0 memorised, 5 levels left

rFire  . . .     SeeInvis .     (no weapon)
rCold  . . .     Gourm    .     o - +0 chain mail
rNeg   + . .     Faith    .     c - +0 shield
rPois  ∞         Spirit   .     a - +0 helmet (curse)
rElec  +         Dismiss  .     t - +0 cloak
rCorr  .         Reflect  .     (no gloves)
SustAt .         Harm     .     (no boots)
MR     .....                    (no amulet)
Stlth  ..........               (no ring)
                                (no ring)

@: not resistant to hostile enchantments, extremely unstealthy
A: negative energy resistance 1, electricity resistance, unbreathing,
petrification resistance, rot immunity, AC +4
a: Renounce Religion


You were on level 4 of the Dungeon.
You worshipped the Shining One.
The Shining One was demanding penance.
You were not hungry.

You visited 2 branches of the dungeon, and saw 6 of its levels.

You collected 138 gold pieces.

Inventory:

Armour
 a - a cursed +0 helmet (worn)
 c - a +0 shield (worn)
 o - a +0 chain mail (worn)
 t - a +0 cloak (worn)
Jewellery
 n - an uncursed amulet of guardian spirit
Wands
 g - a wand of confusion (22/48)
Scrolls
 k - a scroll of recharging
Potions
 b - 2 potions of brilliance {unknown}
 d - a potion of might
 h - 2 potions of heal wounds
 j - 3 potions of curing {unknown}
 l - 2 potions of lignification {unknown}
 m - a potion of cure mutation {unknown}
 p - a potion of degeneration {unknown}
 q - a potion of invisibility {unknown}
Comestibles
 f - 2 bread rations
 i - 3 meat rations
 s - 3 chunks of flesh


   Skills:
 - Level 4.3 Fighting
   Level 5.7 Maces & Flails
 - Level 3.2 Armour
 - Level 3.2 Shields


You had 5 spell levels left.
You didn't know any spells.

Dungeon Overview and Level Annotations

Branches:
Dungeon (5/15)             Temple (1/1) D:4

Altars:
Ashenzari
Cheibriados
Dithmenos
Elyvilon
Fedhas
Gozag
Kikubaaqudgha
Makhleb
Nemelex Xobeh
Pakellas
Qazlal
Ru
Sif Muna
Trog
Xom
Yredelemnul
Zin
The Shining One

Annotations:
D:4 Sigmund


Innate Abilities, Weirdness & Mutations

You are resistant to torment.
Your stone body is resilient (AC +4).
You are immune to poison.
You resist negative energy.
You are resistant to electric shocks.
You can survive without breathing.
You are immune to petrification.
You are immune to rotting.


Message History

You closely miss something. Something hits you but does no damage.
The giant gecko skeleton bites you but does no damage.
You miss something. Something hits you but does no damage.
You block the giant gecko skeleton's attack.
You closely miss something.
The giant gecko skeleton bites you but does no damage.
Something hits you.
* * * LOW HITPOINT WARNING * * *
x2 You hit something.
The giant gecko skeleton barely misses you.
You hit something. Something hits you but does no damage.
You block the giant gecko skeleton's attack.
You closely miss something.
The giant gecko skeleton bites you but does no damage.
Something hits you but does no damage.
Your chain mail prevents you from hitting something.
You block the giant gecko skeleton's attack.
You hit something. Something hits you but does no damage.
The giant gecko skeleton bites you.
You die...

# # #.# # ##.##
########...#### ###
.............. ..#
########...#.# #.#
#########.##.## ##.##
.[........#...####...##
######.........{@Z....#
##...#....#...####....#
........).....$...#.#.#
..........#....##.#?#.#
#......####..#.##.#.# #
##.....# #....##....
#...### #.##.##.##.
#.<. #.# .##. .# ##.#


You could see a giant gecko skeleton.

Vanquished Creatures
  2 hounds (D:4)
  Crazy Yiuf (D:3)
  Terence (D:3)
  4 adders
  A shadow imp (D:3)
  2 worms
  7 dart slugs
  6 giant geckos
  5 orcs (D:3)
  3 ball pythons
  3 giant cockroaches
  5 goblins
  9 hobgoblins
  4 jackals
  2 quokkas
  10 bats
  5 giant newts
  5 kobolds
  6 rats
81 creatures vanquished.

Notes
Turn   | Place    | Note
--------------------------------------------------------------
     0 | D:1      | MovingMist the Gargoyle Fighter began the quest for the Orb.
     0 | D:1      | Reached XP level 1. HP: 14/14 MP: 1/1
   145 | D:1      | Reached XP level 2. HP: 17/19 MP: 2/2
   289 | D:1      | Reached skill level 3 in Maces & Flails
   383 | D:1      | Reached XP level 3. HP: 21/23 MP: 3/3
  1222 | D:2      | Reached XP level 4. HP: 29/29 MP: 4/4
  1828 | D:3      | Reached skill level 4 in Maces & Flails
  1829 | D:3      | Noticed Terence
  1874 | D:3      | Killed Terence
  1874 | D:3      | Reached XP level 5. HP: 16/34 MP: 5/5
  2543 | D:3      | Noticed Crazy Yiuf
  2550 | D:3      | Killed Crazy Yiuf
  2550 | D:3      | Reached skill level 5 in Maces & Flails
  2685 | D:4      | Found a staircase to the Ecumenical Temple.
  2703 | D:4      | Reached XP level 6. HP: 39/39 MP: 6/6
  2716 | Temple   | Entered the Ecumenical Temple
  2762 | Temple   | Became a worshipper of the Shining One
  2905 | D:5      | Entered Level 5 of the Dungeon
  2989 | D:4      | Noticed Sigmund
  2992 | D:4      | Was placed under penance by the Shining One
  3062 | D:4      | HP: 1/39 [something (1)]
  3067 | D:4      | Slain by a giant gecko skeleton

Vault maps used:
D:1:      scummos_arrival_simple_crosswalls, roderic_roman_lattice,
          minmay_quantized
D:2:      first_bread
D:3:      uniq_terence, uniq_crazy_yiuf_cottage
D:4:      gammafunk_temple_overflow_wave, minmay_temple_entry_junction,
          uniq_menkaure, uniq_grinder, uniq_sigmund
D:5:      kennysheep_potato
Temple:   kilobyte_greek_temple_18

Skill      XL: |  1  2  3  4  5 |
---------------+----------------+-----
Maces & Flails | 3 4 5 |  5.7
Fighting       | 4 |  4.3
Armour         | |  3.2
Shields        | |  3.2

Action                   |  1- 3 |  4- 6 || total
-------------------------+-------+-------++-------
Melee: Flail             |   153 |   160 ||   313
       Mace              |       |    28 ||    28
       Unarmed           |       |    35 ||    35
  Use: Scroll            |     7 |     2 ||     9
  Eat: Chunk             |     1 |     7 ||     8
Armor: Scale mail        |   108 |    66 ||   174
       Chain mail        |       |    95 ||    95
Dodge: Dodged            |    60 |    61 ||   121
Block: Shield            |    85 |    92 ||   177
